 Dungeon Crawl Stone Soup version 0.26.1-11-gd32895ea62 (webtiles) character file.

Game seed: 12362833198882246814

7374 phalm the Destroyer (level 10, -10/68 HPs)
             Began as a Demonspawn Conjurer on June 18, 2021.
             Was a Believer of Vehumet.
             Shot with an arrow by a centaur warrior (29 damage)
             ... on level 9 of the Dungeon.
             The game lasted 00:25:05 (12314 turns).

phalm the Destroyer (Demonspawn Conjurer)          Turns: 12314, Time: 00:25:06

Health: -10/68     AC:  5    Str:  8    XL:     10   Next: 91%
Magic:  4/22       EV: 17    Int: 23    God:    Vehumet [**....]
Gold:   289        SH:  0    Dex: 13    Spells: 12/23 levels left

rFire    + . .     SeeInvis .   a - staff of conjuration
rCold    + . .     Faith    .   (no shield)
rNeg     + . .     Spirit   .   D - +1 robe {rC+}
rPois    .         Reflect  .   o - +0 helmet
rElec    .         Harm     .   K - +0 cloak {Stlth+}
rCorr    .         Rampage  .   (no gloves)
Will     .....                  (no boots)
Stlth    +++.......             (no amulet)
HPRegen  1.21/turn              F - ring of protection from fire
MPRegen  0.18/turn              N - ring of positive energy

@: mighty, agile, about to teleport, flying
A: claws 1, thin skeletal structure 1, blurry vision 1, frail 1, high mp 1,
powered by death 2, powered by pain 1, MP-powered wands
a: Renounce Religion


You were on level 9 of the Dungeon.
You worshipped Vehumet.
Vehumet was pleased with you.
You visited 2 branches of the dungeon, and saw 10 of its levels.
You also visited: Sewer.

You collected 506 gold pieces.
You spent 217 gold pieces at shops.


Innate Abilities, Weirdness & Mutations

You have sharp fingernails.
You have a somewhat thin skeletal structure. (Dex +2, Stealth)
You regenerate health from kills.
You sometimes gain a little power by taking damage.
Scrolls take you a little longer to read.
You are frail. (-10% HP)
You have an increased reservoir of magic. (+10% MP)
You expend magic power (3 MP) to strengthen your wands.


   Skills:
 + Level 6.1 Fighting
 + Level 3.1 Armour
 - Level 1.7 Dodging
 - Level 1.7 Stealth
 + Level 7.0 Spellcasting
 * Level 9.2 Conjurations
 - Level 7.0 Hexes
 - Level 7.0 Translocations


You had 12 spell levels left.
You knew the following spells:

 Your Spells              Type           Power        Failure   Level
f - Fulminant Prism       Conj/Hex       31%          2%          4
m - Magic Dart            Conj           100%         1%          1
s - Searing Ray           Conj           100%         1%          2
X - Iskenderun's Mystic   Conj/Tloc      62%          2%          4

Your spell library contained the following spells:

 Spells                   Type           Power        Failure   Level
 Freeze                   Ice            32%          8%          1
 Dazzling Flash           Conj/Hex       100%         1%          3

Inventory:

Hand Weapons
 b - a +0 hand crossbow
   (You took it off a kobold in a sewer)
 f - a +0 vorpal hand axe
   (You found it on level 1 of the Dungeon)
 n - a +0 hunting sling
   (You found it on level 2 of the Dungeon)
Missiles
 c - 344 stones
 g - 37 poisoned darts
 x - 98 sling bullets
 y - a throwing net {=f!f}
 z - 21 bolts
 H - 135 arrows
 J - 5 datura-tipped darts
 M - 5 boomerangs
Armour
 e - a +2 tower shield
   (You found it on level 7 of the Dungeon)
 o - a +0 helmet (worn)
   (You took it off Robin on level 2 of the Dungeon)
 D - a +1 robe of cold resistance (worn)
   (You took it off an orc wizard on level 5 of the Dungeon)
 K - a +0 cloak of stealth (worn)
   (You bought it in a shop on level 6 of the Dungeon)
 L - a +0 kite shield
   (You found it on level 7 of the Dungeon)
 O - a scarf of harm
   (You found it on level 8 of the Dungeon)
Magical Staves
 a - an uncursed staff of conjuration (weapon)
   (You found it on level 5 of the Dungeon)
Jewellery
 m - an uncursed ring of willpower
   (You found it on level 2 of the Dungeon)
 F - a ring of protection from fire (left claw)
   (You found it on level 2 of the Dungeon)
 G - an uncursed amulet of guardian spirit
   (You found it on level 4 of the Dungeon)
 N - a ring of positive energy (right claw)
   (You found it on level 2 of the Dungeon)
 Q - an uncursed ring of stealth
   (You took it off a hobgoblin on level 3 of the Dungeon)
Wands
 t - a wand of disintegration (5)
   (You took it off Ijyb on level 3 of the Dungeon)
 E - a wand of random effects (13)
   (You found it on level 6 of the Dungeon)
 R - a wand of flame (22)
   (You found it on level 9 of the Dungeon)
 S - a wand of acid (2)
   (You found it on level 9 of the Dungeon)
Scrolls
 d - 2 scrolls of magic mapping {!r}
 i - 3 scrolls of enchant weapon {unknown}
 l - 4 scrolls of enchant armour
 r - 3 scrolls of amnesia
 u - 2 scrolls of fog
 v - 2 scrolls of blinking {!r}
 B - 2 scrolls of remove curse {@r2}
 I - a scroll of fear
Potions
 h - 2 potions of magic {unknown}
 j - 4 potions of might
 k - a potion of haste {@q3}
 p - a potion of lignification {unknown}
 q - 4 potions of flight
 s - 3 potions of mutation {!q}
 w - 4 potions of heal wounds {unknown}
 A - 2 potions of curing {@q1}
 P - a potion of ambrosia {unknown}

Dungeon Overview and Level Annotations

Branches:
Dungeon (9/15)             Temple (1/1) D:5            Lair (0/6) D:8
  Sewer (visited)
    Orc: D:9-12

Altars:
Ashenzari
Cheibriados
Dithmenos
Elyvilon
Fedhas
Gozag
Hepliaklqana
Kikubaaqudgha
Makhleb
Nemelex Xobeh
Okawaru
Qazlal
Ru
Sif Muna
Trog
Uskayaw
Vehumet
Wu Jian
Xom
Zin
The Shining One

Shops:
D:6 [

Annotations:
D:3 1 runed translucent door, Ekaitz's ghost, amateur DsEE

#......#
#......#
##......#
....)...#
#......#
#......#
#....[†#
#.....@####
#.........#
.c.........#####
...............#
...............#
............####
............#
..........###
..........#


You could see a centaur warrior.


Message History

A fulminant prism comes into view.
The fire dragon breathes flames at you. The blast of flame misses you. 😎 MP[-4]
You lost 4 mp, and now have 7/20 mp.
You feel a surge of power!
The magic dart hits the fire dragon!
Your fulminant prism crackles loudly.
Casting: Magic Dart (safe; 1% risk of failure)
Confirm with . or Enter, or press ? or * to list all spells.
Aiming: Searing Ray (safe; 1% risk of failure)
Press: ? - help, Shift-Dir - straight line, f/p - fire dragon
Aim: a fire dragon (lightly wounded, catching its breath, 13% to evade)
You feel a surge of power!
The searing ray hits the fire dragon! (Press . to maintain the ray.)
The blast of energy engulfs the fire dragon!
You hear a shout! 😎 MP[-2]
You lost 2 mp, and now have 5/20 mp.
Casting: Searing Ray (safe; 1% risk of failure)
Confirm with . or Enter, or press ? or * to list all spells.
Aiming: Searing Ray (safe; 1% risk of failure)
Press: ? - help, Shift-Dir - straight line, f/p - fire dragon
Aim: a fire dragon (moderately wounded, catching its breath, 13% to evade)
You feel a surge of power!
The searing ray hits the fire dragon! (Press . to maintain the ray.) 😎 MP[-2]
You lost 2 mp, and now have 3/20 mp.
The searing ray hits the fire dragon! 😎 MP[-1]
You lost 1 mp, and now have 2/20 mp.
The searing ray hits the fire dragon!
The fire dragon breathes flames at you. The blast of flame hits you!!
You resist.
You focus on the pain.
You feel agile all of a sudden. 😮 HP[-25] MP[-1]
You take 25 damage, and now have 51/76 hp.
MASSIVE DAMAGE!! (PAUSE)
You lost 1 mp, and now have 1/20 mp.
The searing ray hits the fire dragon!
You finish channeling your searing ray.
The fire dragon bites you but does no damage.
The fire dragon claws you.
The fire dragon barely misses you. 😮 HP[-5]
You take 5 damage, and now have 46/76 hp.
Aiming: Magic Dart (safe; 1% risk of failure)
Press: ? - help, Q - select action, (/) - cycle Shift-Dir - straight line, f/p - fire dragon
Aim: a fire dragon (almost dead, 0% to evade)
You feel a surge of power!
The magic dart hits the fire dragon but does no damage.
The fire dragon breathes flames at you. The blast of flame hits you!
You resist.
* * * LOW HITPOINT WARNING * * *
😨 HP[-15] MP[-1]
You take 15 damage, and now have 31/76 hp.
You lost 1 mp, and now have 0/20 mp.
Aiming: Corrosive Bolt
Press: ? - help, Shift-Dir - straight line, f/p - fire dragon
Aim: a fire dragon (almost dead, catching its breath, 21% to evade)
The bolt of acid hits the fire dragon.
The fire dragon is splashed with acid.
You kill the fire dragon!
Vehumet accepts your kill.
You feel your power returning.
The fire dragon scales are intact enough to wear.
Your Fighting skill increases to level 6!
Your Armour skill increases to level 3!
Your Spellcasting skill increases to level 7! 😨 HP[+2] MP[+3]
You regained 2 hp, and now have 33/76 hp.
You regained 3 mp, and now have 3/20 mp.
A centaur warrior comes into view. 😨 HP[+4]
You regained 4 hp, and now have 37/76 hp.
As you read the scroll of teleportation {@r4}, it crumbles to dust.
You feel strangely unstable.
The centaur warrior wields a +0 longbow.
The centaur warrior shoots an arrow.
The arrow hits you!
* * * LOW HITPOINT WARNING * * *
😨 HP[-11]
You take 11 damage, and now have 26/76 hp.
Aiming: Corrosive Bolt
Press: ? - help, Shift-Dir - straight line, f - you That beam is likely to hit you.
Continue anyway?
Okay, then.
Okay, then.
It was a potion of might.
You feel very mighty all of a sudden.
The centaur warrior shoots an arrow.
The arrow hits you!
* * * LOW HITPOINT WARNING * * *
😱 HP[-10] MP[+1]
You take 10 damage, and now have 16/76 hp.
It was a potion of flight.
You feel very buoyant.
You fly up into the air. 😱 HP[+2]
You regained 2 hp, and now have 18/76 hp.
It was a potion of mutation.
You feel extremely strange.
You feel frail.
Your vision blurs.
You feel your magical essence link to the dungeon's wands.
You feel more energetic.
The centaur warrior shoots an arrow.
The arrow hits you!!
You die...

Skill      XL: |  1  2  3  4  5  6  7  8  9 10 |
---------------+-------------------------------+-----
Spellcasting   | 3 4 5 6 7 |  7.0
Conjurations   | 5 6 7 9 |  9.2
Hexes          | 1 2 4 5 7 |  7.0
Translocations | 1 2 3 5 6 7 |  7.0
Fighting       | 1 2 3 4 6 |  6.1
Armour         | 3 |  3.1
Dodging        | |  1.7
Stealth        | |  1.7

Action                   |  1- 3 |  4- 6 |  7- 9 | 10-12 || total
-------------------------+-------+-------+-------+-------++-------
Melee: Hand axe          |    17 |     6 |     3 |       ||    26
       Unarmed           |     7 |       |       |       ||     7
       Staff             |       |       |    20 |       ||    20
 Fire: Hunting sling     |     3 |       |       |       ||     3
Throw: Dart              |       |     1 |       |       ||     1
 Cast: Magic Dart        |    49 |   110 |   140 |   116 ||   415
       Searing Ray       |     1 |    23 |    54 |    32 ||   110
       Fulminant Prism   |       |       |       |     3 ||     3
Evoke: Wand              |       |     4 |       |     7 ||    11
  Use: Scroll            |       |       |     9 |     2 ||    11
       Potion            |       |       |       |     4 ||     4
Armor: Robe              |     4 |     1 |    11 |     1 ||    17
Dodge: Dodged            |    17 |    23 |    49 |    21 ||   110
Block: Kite shield       |       |       |     2 |       ||     2

Levels and vault maps discovered:
D:1:      kennysheep_arrival_seaside, layout_rooms
D:2:      layout_loops_ring, lemuel_coloured_pillars_altar,
          eat_drink_and_be_merry_uskayaw, tso_altar,
          chequers_ecumenical_altar_simple_redux, minmay_puff, uniq_robin
D:3:      layout_rooms, ebering_ghost_reflecting_pool, dk_noncrumbling_4,
          uniq_ijyb, uniq_terence
D:4:      layout_cave_pools, portal_sewer_entry_a, uniq_sigmund
D:5:      layout_loops_cross, kennysheep_little_box, minmay_temple_entry_fiery,
          minmay_fractal_squares_5
D:6:      layout_loops_ring, serial_shops, shop
D:7:      layout_basic, nicolae_overflow_crystal_walls
D:8:      minmay_inner_zag, layout_cave_pools, dpeg_oklobed_lair, serial_glass,
          glass_columns_a, glass_columns_a, glass_columns_c, glass_columns_a,
          glass_columns_a, glass_columns_b, glass_columns_b, glass_columns_b,
          glass_columns_a, glass_columns_c, glass_columns_a, glass_columns_a,
          glass_columns_a, glass_columns_a, kennysheep_generic_room_8
D:9:      minmay_bloctagon, layout_irregular_city, kennysheep_ying_yang,
          orc_david_3, uniq_grum, uniq_psyche
Temple:   regret_index_temple_waves

Notes
Turn   | Place    | Note
-------+----------+-------------------------------------------
     0 | D:1      | phalm the Demonspawn Conjurer began the quest for the Orb.
     0 | D:1      | Reached XP level 1. HP: 13/13 MP: 3/3
     0 | D:1      | magus.rc [v1.9.10]
   261 | D:1      | Gained mutation: You have sharp fingernails. [demonic
                  | ancestry]
   261 | D:1      | Reached XP level 2. HP: 19/19 MP: 1/5
   264 | D:1      | Learned a level 2 spell: Searing Ray
  1123 | D:2      | Gained mutation: You regenerate a little health from kills.
                  | [demonic ancestry]
  1123 | D:2      | Reached XP level 3. HP: 24/24 MP: 1/7
  1129 | D:2      | Noticed Robin
  1143 | D:2      | Killed Robin
  1144 | D:2      | Reached skill level 3 in Spellcasting
  1287 | D:2      | Found a hide-covered altar of Uskayaw.
  1345 | D:2      | Gained mutation: You regenerate health from kills. [demonic
                  | ancestry]
  1345 | D:2      | Reached XP level 4. HP: 30/30 MP: 4/8
  1379 | D:2      | Found a faded altar of an unknown god.
  1705 | D:2      | Found a shimmering blue altar of Sif Muna.
  1909 | D:2      | Found a glowing golden altar of the Shining One.
  2069 | D:2      | Reached skill level 5 in Conjurations
  2330 | D:3      | Noticed Ijyb
  2333 | D:3      | HP: 7/30 [disintegration (21)]
  2693 | D:3      | Killed Ijyb
  2823 | D:3      | Reached XP level 5. HP: 35/35 MP: 6/10
  2828 | D:3      | Learned a level 4 spell: Fulminant Prism
  2833 | D:3      | Learned a level 4 spell: Iskenderun's Mystic Blast
  3005 | D:3      | Reached skill level 1 in Hexes
  3005 | D:3      | Reached skill level 1 in Translocations
  3648 | D:3      | Noticed Terence
  3652 | D:3      | Killed Terence
  3653 | D:3      | Reached XP level 6. HP: 34/41 MP: 5/11
  3816 | D:3      | Found a runed translucent door.
  3864 | D:3      | Noticed Ekaitz's ghost (amateur DsEE)
  4052 | D:4      | Found a glowing drain.
  4074 | D:4      | Reached skill level 4 in Spellcasting
  4074 | D:4      | Reached skill level 2 in Hexes
  4157 | Sewer    | Entered a sewer
  4296 | Sewer    | Reached skill level 1 in Fighting
  4296 | Sewer    | Reached skill level 2 in Translocations
  4495 | Sewer    | Found a white marble altar of Elyvilon.
  4732 | D:4      | Noticed a sky beast
  4738 | D:4      | Killed a sky beast
  4739 | D:4      | Gained mutation: You sometimes gain a little power by
                  | taking damage. [demonic ancestry]
  4739 | D:4      | Reached XP level 7. HP: 48/48 MP: 4/13
  4837 | D:4      | Noticed Sigmund
  4843 | D:4      | Killed Sigmund
  4844 | D:4      | Reached skill level 2 in Fighting
  4844 | D:4      | Reached skill level 3 in Hexes
  4844 | D:4      | Reached skill level 3 in Translocations
  5206 | D:5      | Entered Level 5 of the Dungeon
  5530 | D:5      | Reached skill level 6 in Conjurations
  5728 | D:5      | Reached skill level 4 in Hexes
  5728 | D:5      | Gained mutation: You have a somewhat thin skeletal
                  | structure. (Dex +2, Stealth) [demonic ancestry]
  5728 | D:5      | Reached XP level 8. HP: 57/57 MP: 0/14
  6279 | D:5      | Reached skill level 4 in Translocations
  6392 | D:5      | Found a staircase to the Ecumenical Temple.
  6402 | Temple   | Entered the Ecumenical Temple
  6515 | Temple   | Became a worshipper of Vehumet
  6639 | D:5      | Found a hazy altar of Hepliaklqana.
  6933 | D:6      | Reached skill level 3 in Fighting
  7447 | D:6      | Reached skill level 5 in Spellcasting
  7510 | D:6      | Reached skill level 5 in Hexes
  7729 | D:6      | Found Reifrium's Antique Armour Emporium.
  7733 | D:6      | Bought a glowing cloak for 217 gold pieces
  7985 | D:6      | Reached skill level 5 in Translocations
  8208 | D:7      | Reached XP level 9. HP: 65/65 MP: 10/16
  8361 | D:7      | Reached * piety under Vehumet
  8361 | D:7      | Offered knowledge of Foxfire by Vehumet.
  8367 | D:7      | Reached skill level 4 in Fighting
  8405 | D:7      | HP: 16/65 [poisoned by a killer bee]
  8411 | D:7      | HP: 13/65 [poisoned by a killer bee]
  8418 | D:7      | HP: 11/65 [poisoned by a killer bee]
  8425 | D:7      | HP: 11/65 [poisoned by a killer bee]
  8433 | D:6      | HP: 10/65 [poisoned by a killer bee]
  8783 | D:7      | Reached skill level 6 in Hexes
  8964 | D:7      | Reached skill level 7 in Conjurations
  9204 | D:7      | Noticed a two-headed ogre
  9212 | D:7      | Killed a two-headed ogre
  9213 | D:7      | Reached skill level 6 in Translocations
  9357 | D:7      | Found a snail-covered altar of Cheibriados.
  9468 | D:7      | Reached skill level 7 in Hexes
  9799 | D:8      | Reached skill level 6 in Spellcasting
  9799 | D:8      | Reached XP level 10. HP: 73/73 MP: 12/19
  9845 | D:8      | Offered knowledge of Freeze by Vehumet.
 10412 | D:8      | Reached skill level 5 in Fighting
 10505 | D:8      | Found a staircase to the Lair.
 10556 | D:8      | Reached ** piety under Vehumet
 10951 | D:8      | Reached skill level 1 in Armour
 11331 | D:8      | Reached skill level 7 in Translocations
 11567 | D:9      | Noticed Grum
 11579 | D:9      | Killed Grum
 11580 | D:9      | Reached skill level 8 in Conjurations
 11890 | D:9      | Reached skill level 2 in Armour
 11909 | D:9      | Noticed a manticore
 11913 | D:9      | Noticed a fire dragon
 11918 | D:9      | Killed a manticore
 12204 | D:9      | Found a white marble altar of Elyvilon.
 12233 | D:9      | Noticed Psyche
 12239 | D:9      | Killed Psyche
 12292 | D:9      | Reached skill level 9 in Conjurations
 12308 | D:9      | Killed a fire dragon
 12309 | D:9      | Reached skill level 6 in Fighting
 12309 | D:9      | Reached skill level 3 in Armour
 12309 | D:9      | Reached skill level 7 in Spellcasting
 12310 | D:9      | Noticed a centaur warrior
 12312 | D:9      | HP: 16/76 [centaur warrior/arrow (11)]
 12314 | D:9      | Gained mutation: You are frail. (-10% HP) [potion of
                  | mutation]
 12314 | D:9      | Gained mutation: Scrolls take you a little longer to read.
                  | [potion of mutation]
 12314 | D:9      | Gained mutation: You expend magic power (3 MP) to
                  | strengthen your wands. [potion of mutation]
 12314 | D:9      | Gained mutation: You have an increased reservoir of magic.
                  | (+10% MP) [potion of mutation]
 12314 | D:9      | Shot with an arrow by a centaur warrior

Vanquished Creatures
  A fire dragon (D:9)
  A two-headed ogre (D:7)
  A manticore (D:9)
  Psyche (D:9)
  A slime creature (D:9)
  Sigmund (D:4)
  Grum (D:9)
  2 ice beasts
  6 orc warriors
  4 sky beasts
  4 black bears
  4 ogres
  A phantom (D:5)
  2 wolves (D:9)
  3 centaurs
  A big kobold (Sewer)
  5 bullfrogs
  4 scorpions
  6 killer bees (D:7)
  A water moccasin skeleton (D:8)
  7 wights
  3 bullfrog zombies
  9 orc priests
  2 hounds
  A jelly (D:9)
  2 bullfrog skeletons
  A centaur skeleton (D:9)
  4 iguanas
  Ijyb (D:3)
  Terence (D:3)
  6 orc wizards
  5 worker ants
  A hound skeleton (D:8)
  2 worker ant zombies
  Robin (D:2)
  3 gnolls (D:3)
  7 adders
  5 river rats
  3 shadow imps
  3 white imps
  2 adder zombies (D:8)
  An adder skeleton (D:5)
  3 worms
  3 dart slugs
  7 leopard geckos
  28 orcs
  2 ball pythons
  9 bats
  4 giant cockroaches
  17 goblins
  8 hobgoblins
  9 jackals
  5 quokkas
  3 frilled lizards
  5 kobolds
  A leopard gecko zombie (D:5)
  A quokka skeleton (D:8)
  12 rats
237 creatures vanquished.

Vanquished Creatures (others)
  3 fulminant prisms
  A fungus (D:8)
  3 plants (D:8)
7 creatures vanquished.

Grand Total: 244 creatures vanquished

Table legend:
 A = Non-vault XP
 B = Vault XP
 C = Vault XP percentage of total XP
 D = Non-vault monster count
 E = Vault monster count
 F = Vault count percentage of total count
                 A         B        C        D         E       F
            +---------+---------+-------+---------+---------+-------
      Total |    6008 |    4527 |  43.0 |     176 |      61 |  25.7
            +---------+---------+-------+---------+---------+-------
        D:1 |      36 |       0 |   0.0 |      21 |       0 |   0.0
        D:2 |      48 |      43 |  47.3 |      13 |      16 |  55.2
        D:3 |     190 |      76 |  28.6 |      34 |       2 |   5.6
        D:4 |     256 |     281 |  52.3 |       8 |       6 |  42.9
        D:5 |     584 |     189 |  24.5 |      16 |       4 |  20.0
        D:6 |     935 |       0 |   0.0 |      21 |       0 |   0.0
        D:7 |    2655 |       0 |   0.0 |      32 |       0 |   0.0
        D:8 |    1020 |     369 |  26.6 |      24 |       6 |  20.0
        D:9 |     284 |    3449 |  92.4 |       7 |      19 |  73.1
      Sewer |       0 |     120 | 100.0 |       0 |       8 | 100.0
            +---------+---------+-------+---------+---------+-------

Illustrated notes

Table legend:
 A = Kills in this place as a percentage of kills in entire the game.
 B = Kills by you in this place as a percentage of kills by you in the entire game.
 C = Kills by friends in this place as a percentage of kills by friends in the entire game.
 D = Other kills in this place as a percentage of other kills in the entire game.
 E = Experience gained in this place as a percentage of experience gained in the entire game.
 F = Experience gained in this place divided by the number of levels of this place that you have seen.
                   A       B       C       D       E      F
               +-------+-------+-------+-------+-------+----------------------
         Total | 100.0 | 100.0 |   N/A |   N/A | 100.0 | 957.7
       Dungeon |  96.6 |  96.6 |   N/A |   N/A |  98.9 | 1157.2
         Sewer |   3.4 |   3.4 |   N/A |   N/A |   1.1 | 120.0
               +-------+-------+-------+-------+-------+----------------------

Table legend: (Time is in decaauts)
 A = Elapsed time spent in this place.
 B = Non-inter-level travel time spent in this place.
 C = Inter-level travel time spent in this place.
 D = Time resting spent in this place.
 E = Time spent auto-exploring this place.
 F = Levels seen in this place.
 G = Mean time per level.
                   A        B        C        D        E       F      G
               +--------+--------+--------+--------+--------+-----+--------+
         Total |  12364 |  12022 |    342 |    188 |  10228 |  11 | 1124.0 |
       Dungeon |  11758 |  11465 |    293 |    188 |   9783 |   9 | 1306.4 |
        Temple |    163 |    115 |     48 |      0 |    104 |   1 |  163.0 |
         Sewer |    441 |    441 |      0 |      0 |    341 |   1 |  441.0 |
               +--------+--------+--------+--------+--------+-----+--------+

Top non-repeatable levels by time:
     D:2: 1688 daAuts
     D:5: 1651 daAuts
     D:7: 1517 daAuts
     D:8: 1456 daAuts
     D:6: 1401 daAuts
     D:3: 1273 daAuts
     D:1: 990 daAuts
     D:9: 928 daAuts
     D:4: 850 daAuts
   Sewer: 441 daAuts
  Temple: 163 daAuts
